 Dungeon Crawl Stone Soup version 0.21-a0-71-g5e5ddd2 (webtiles) character file.

436 Ijustatesigmund the Skirmisher (level 7, -9/50 HPs)
             Began as an Octopode Artificer on June 19, 2017.
             Mangled by an ogre
             ... wielding a +0 giant spiked club
              (29 damage)
             ... on level 4 of the Dungeon.
             The game lasted 00:09:43 (4571 turns).

Ijustatesigmund the Skirmisher (Octopode Artificer) Turns: 4571, Time: 00:09:44

Health: -9/50      AC:  1    Str: 11    XL:     7   Next: 1%
Magic:  9/9        EV: 13    Int: 13    God:
Gold:   178        SH:  0    Dex: 15    Spells: 6/6 levels left

rFire    . . .     SeeInvis .   a - +0 short sword
rCold    . . .     Gourm    .   (no shield)
rNeg     . . .     Faith    .   (helmet restricted)
rPois    .         Spirit   .   (no amulet)
rElec    .         Reflect  .   (no ring)
rCorr    .         Harm     .   (no ring)
MR       .....                  (no ring)
Stlth    +++.......             (no ring)
HPRegen  0.16/turn              (no ring)
MPRegen  0.11/turn              (no ring)
                                (no ring)
                                (no ring)

@: no status effects
A: almost no armour, stealthy swim, amphibious, 8 rings, constrict 8, camouflage
1, gelatinous body 1
a: no special abilities


You were on level 4 of the Dungeon.
You were hungry.

You visited 1 branch of the dungeon, and saw 4 of its levels.

You collected 178 gold pieces.

Inventory:

Hand Weapons
 a - a +0 short sword (weapon)
 i - a cursed -2 dagger
 p - a +0 blowgun
Missiles
 j - 3 needles of paralysis
 q - 20 poisoned needles
Wands
 b - a wand of flame (15/48)
 c - a wand of enslavement (23/24)
 d - a wand of random effects (14/48)
Scrolls
 l - a scroll of remove curse
 n - a scroll of immolation
 s - a scroll of amnesia
 u - 2 scrolls of identify
 w - a scroll of fear
Potions
 e - 3 potions of curing
 k - a potion of agility {unknown}
 o - a potion of haste
 t - a potion of brilliance {unknown}
Comestibles
 f - 5 bread rations
 g - 3 meat rations
 h - 2 fruits
 m - a royal jelly


   Skills:
 + Level 5.1 Fighting
 + Level 4.7 Short Blades
 - Level 2.0 Dodging
 - Level 1.3 Stealth
 - Level 3.2 Evocations


You had 6 spell levels left.
You didn't know any spells.

Dungeon Overview and Level Annotations

Branches:
Dungeon (4/15)
 Temple: D:4-7

Altars:
Trog


Innate Abilities, Weirdness & Mutations

You cannot wear most types of armour.
You are very stealthy in the water. (Stealth+)
You are amphibious.
You can wear up to eight rings at the same time.
You can use your tentacles to constrict eight enemies at once.
Your skin changes colour to match your surroundings (Stealth+).
Your rubbery body absorbs attacks. (AC +1, EV +1)


Message History

You are too injured to fight recklessly!
You are too injured to fight recklessly!
You are too injured to fight recklessly!
You are too injured to fight recklessly!
You are too injured to fight recklessly!
You are too injured to fight recklessly!
You are too injured to fight recklessly!
You are too injured to fight recklessly!
You are too injured to fight recklessly!
You are too injured to fight recklessly!
Okay, then.
Evoke which item? (* to show all) (? for menu, Esc to quit)
Aiming: Enslavement
Press: ? - help, Shift-Dir - straight line, f - ogre
Aim: an ogre, wielding a giant spiked club (chance to defeat MR: 55%)
The ogre resists with significant effort.
This wand has 23 charges left.
You constrict the hound. The jackal bites you.
The ogre hits you with a giant spiked club!!
Ouch! That really hurt!
You die...

.......#.............
##...#...........(##
.................###
.#...#.##....(##...#
.#............!.##.# .
........)........##..%
...................
.............##...
..........@O# .
....[....h)h......
............###...
...........# #
............
........#### #######


You could see an ogre, a hound and a jackal.

Vanquished Creatures
  A phantom (D:4)
  2 scorpions (D:4)
  A hound (D:4)
  An orc priest (D:4)
  Jessica (D:2)
  A hound skeleton (D:4)
  2 gnolls (D:2)
  5 adders
  3 worms
  3 dart slugs
  3 leopard geckos
  9 orcs
  4 ball pythons
  9 bats
  3 giant cockroaches
  5 goblins
  5 hobgoblins
  5 jackals
  10 kobolds
  2 quokkas
  5 frilled lizards
  7 rats
87 creatures vanquished.

Vanquished Creatures (collateral kills)
  2 gnolls (D:2)
  A goblin (D:2)
  A hobgoblin (D:2)
4 creatures vanquished.

Vanquished Creatures (others)
  A worker ant (D:4)
  A hobgoblin (D:2)
2 creatures vanquished.

Grand Total: 93 creatures vanquished

Notes
Turn   | Place    | Note
-------+----------+-------------------------------------------
     0 | D:1      | Ijustatesigmund the Octopode Artificer began the quest for the Orb.
     0 | D:1      | Reached XP level 1. HP: 13/13 MP: 3/3
   263 | D:1      | Reached XP level 2. HP: 18/18 MP: 4/4
  1192 | D:1      | Reached skill level 2 in Fighting
  1192 | D:1      | Reached XP level 3. HP: 13/24 MP: 5/5
  1558 | D:2      | Noticed Jessica
  1566 | D:2      | Killed Jessica
  1566 | D:2      | Reached XP level 4. HP: 30/30 MP: 6/6
  1814 | D:2      | Reached skill level 3 in Fighting
  2343 | D:3      | Reached XP level 5. HP: 36/36 MP: 7/7
  3327 | D:3      | Found a bloodstained altar of Trog.
  3562 | D:4      | Noticed a phantom
  3798 | D:3      | Reached skill level 4 in Fighting
  4035 | D:4      | Reached XP level 6. HP: 9/44 MP: 8/8
  4130 | D:4      | Killed a phantom
  4382 | D:4      | Reached skill level 5 in Fighting
  4531 | D:4      | Reached XP level 7. HP: 43/50 MP: 9/9
  4571 | D:4      | Mangled by an ogre

Vault maps used:
D:1:      tarquinn_simple_flora_water_a, grunt_decor_clamped, nrook_uturn,
          minmay_strange_pillars
D:2:      first_bread, uniq_jessica
D:3:      serial_bayou_pond_b, interstate_on_off, trog_book
D:4:      grunt_temple_overflow_opulence, marbit_many_paths

Skill      XL: |  1  2  3  4  5  6 |
---------------+-------------------+-----
Short Blades   | 2 3 4 |  4.7
Fighting       | 2 3 4 5 |  5.1
Dodging        | |  2.0
Stealth        | |  1.3
Evocations     | |  3.2

Action                   |  1- 3 |  4- 6 |  7- 9 || total
-------------------------+-------+-------+-------++-------
Melee: Short sword       |    56 |   166 |    11 ||   233
       Constrict         |    16 |    41 |     3 ||    60
       Tentacles         |     4 |    36 |     3 ||    43
Evoke: Wand              |       |     7 |     1 ||     8
  Use: Scroll            |     2 |     9 |       ||    11
       Potion            |       |     3 |       ||     3
 Stab: Sleeping          |     6 |     6 |       ||    12
  Eat: Chunk             |     2 |     7 |       ||     9
       Fruit             |       |     2 |       ||     2
Armor: Skin              |     7 |    11 |       ||    18
Dodge: Dodged            |    21 |    85 |    14 ||   120
